 Dungeon Crawl Stone Soup version 0.31-a0-325-g067879e3d3 (webtiles) character file.

Game seed: 15879551123673837849

326 NinjaNoafa the Ruffian (level 6, -6/53 (55) HPs)
             Began as a Troll Shapeshifter on July 18, 2023.
             Mangled by an orc warrior
             ... wielding a +0 mace
              (12 damage)
             ... on level 3 of the Dungeon.
             The game lasted 00:03:54 (1574 turns).

NinjaNoafa the Ruffian (Troll Shapeshifter)         Turns: 1574, Time: 00:03:54

HP:   -6/53 (55)    AC:  4    Str: 26    XL:     6   Next: 24%
MP:   5/5           EV:  9    Int:  4    God:
Gold: 86            SH:  0    Dex: 10    Spells: 5/5 levels left

rFire   . .          .
                       - Unarmed
rCold   . . .        (no shield)
rNeg    . . .        a - +0 animal skin
rPois   .            (helmet currently unavailable)
rElec   .            (cloak currently unavailable)
rCorr   .            (gloves unavailable)
SInv    .            (boots unavailable)
Will    .....        (no amulet)
Stlth   +            n - +4 ring of slaying
HPRegen 1.08/turn    (no ring)
MPRegen 0.09/turn

%: no passive effects
@: beast-form, attractive, lightly drained
A: beast (slay +3), large, unfitting armour, claws 3, regeneration 1, shaggy fur
1, tough skin 1
a: Begin Untransformation


You were on level 3 of the Dungeon.
You were a hulking beast.
You visited 1 branch of the dungeon, and saw 3 of its levels.

You collected 86 gold pieces.

Inventory:

Missiles
 p - 4 poisoned darts
Armour
 a - a +0 animal skin (worn)
Jewellery
 n - a +4 ring of slaying (left claw)
Talismans
 c - a beast talisman
Scrolls
 d - a scroll of teleportation {unknown}
 h - a scroll of revelation {unknown}
 i - a scroll of enchant armour {unknown}
 k - a scroll of identify {unknown}
 m - a scroll of immolation {unknown}
 o - a scroll of fog {unknown}
Potions
 e - a potion of enlightenment


   Skills:
 - Level 1.5 Fighting
 - Level 1.5 Dodging
 + Level 4.9 Unarmed Combat
 + Level 4.8 Shapeshifting


You had 5 spell levels left.
You didn't know any spells.
Your spell library contained the following spells:

 Spells                   Type           Power      Damage    Failure   Level
 Gell's Gravitas          Tloc           0%         N/A       86%         3
 Teleport Other           Tloc           0%         N/A       86%         3
 Dispersal                Tloc           0%         N/A       100%        6


Dungeon Overview and Level Annotations

Branches:
Dungeon (3/15) Zot: 16433

Altars:
The Shining One


Innate Abilities, Weirdness & Mutations

You are a hulking beast.
Your limbs bulge with bestial killing power. (Slay +3)
You are too large for most types of armour.
You have claws for hands.
Your natural rate of healing is unusually fast.
You are covered in fur. (AC +1)
You have tough skin. (AC +1)


Message History

You take 3 damage, and have 23/79 hp.
Unknown command.
It was a potion of attraction.
You feel attractive to monsters.
You hear some strange, mumbled words.
You are confused.
The orc warrior hits you with a +0 mace.
* * * LOW HITPOINT WARNING * * *
It was a potion of brilliance.
You feel clever all of a sudden. Something hits you but does no damage.
The orc warrior hits you but does no damage.
It was a potion of enlightenment.
Your roots keep you in place.
Something hits you but does no damage.
The orc warrior hits you but does no damage.
You miss the orc warrior. Something hits you but does no damage.
The orc warrior hits you but does no damage.
You swing at nothing.
Something hits you but does no damage.
The orc priest mumbles some strange prayers to Beogh against you.
Beogh smites you!
* * * LOW HITPOINT WARNING * * *
The orc warrior hits you with a +0 mace.
* * * LOW HITPOINT WARNING * * *
You take 20 damage, and have 7/79 hp.
MASSIVE DAMAGE!!
Unknown command.
It was a potion of might.
You feel very mighty all of a sudden. Something hits you but does no damage.
The orc warrior hits you but does no damage.
It was a potion of cancellation.
Your magical effects are unravelling.
You feel magically purged.
You feel less wooden.
Your +0 animal skin unmelds from your body.
You turn into a hulking beast.
You feel less confused.
You feel a little less mighty now.
You feel a little less clever now.
Your enlightenment fades.
Something hits you but does no damage.
The orc warrior hits you with a +0 mace!
You die...

#.#......).....#
#.......######.# ###.#####
#.### #.### #.#.##
####..(# #....# ....#.#
###.## ..#.#.## #.#
#.#.{oo# #.# ## #.#.h#.##
#># #.#####.#..#o.## #.#
#........###..## #.# #
##.###..## ##o.## #.# #.
##....##...##).## #.#
#.###.#..##..#..'#..####.#
#......##..#.#.o##...##.#
##...### o#._.#. ###....#
###.#...##..#.#..##...#..#


You could see an orc warrior and an orc priest.

Vanquished Creatures
  Grinder (D:3)
  An orc priest (D:2)
  Terence (D:3)
  An adder (D:3)
  2 worms (D:2)
  A dart slug (D:2)
  4 ball pythons
  6 bats
  5 endoplasms
  A giant cockroach (D:1)
  7 goblins
  2 hobgoblins
  5 quokkas
  7 frilled lizards
  3 kobolds (D:1)
  5 rats
52 creatures vanquished.

Notes
Turn   | Place    | Note
-------+----------+-------------------------------------------
     0 | D:1      | NinjaNoafa the Troll Shapeshifter began the quest for the
                  | Orb.
     0 | D:1      | Reached XP level 1. HP: 19/19 MP: 0/0
    79 | D:1      | Reached XP level 2. HP: 26/27 MP: 1/1
   311 | D:1      | Reached XP level 3. HP: 33/33 MP: 2/2
  1279 | D:3      | Noticed an orc warrior
  1295 | D:2      | Reached XP level 4. HP: 31/41 MP: 3/3
  1312 | D:3      | Noticed Grinder
  1312 | D:3      | Noticed Terence
  1327 | D:3      | Killed Grinder
  1328 | D:3      | Reached XP level 5. HP: 29/48 MP: 4/4
  1328 | D:3      | Reached XP level 6. HP: 34/55 MP: 5/5
  1330 | D:3      | Killed Terence
  1527 | D:3      | Found a glowing golden altar of the Shining One.
  1574 | D:3      | Mangled by an orc warrior

Illustrated notes

Levels and vault maps discovered:
D:1:      lemuel_arrival_river_ford, layout_rooms
D:2:      layout_basic
D:3:      layout_loops_ring, tso_metal_star, nrook_loot_triangle,
          chequers_garden, uniq_grinder, uniq_terence

Skill      XL: |  1  2  3  4 |
---------------+-------------+-----
Unarmed Combat | 3 4 |  4.9
Shapeshifting  | 4 |  4.8
Fighting       | |  1.5
Dodging        | |  1.5

Action                     |  1- 3 |  4- 6 || total
---------------------------+-------+-------++-------
  Melee: Unarmed           |    82 |    41 ||   123
         Punch             |     1 |     1 ||     2
    Use: Potion            |       |     6 ||     6
 Armour: Animal skin       |    44 |    12 ||    56
         Skin              |       |    17 ||    17
  Dodge: Dodged            |    55 |    13 ||    68
         Form:             |     2 |       ||     2
         Beast             |     2 |       ||     2

Table legend: (Time is in decaauts)
 A = Elapsed time spent in this place.
 B = Non-inter-level travel time spent in this place.
 C = Inter-level travel time spent in this place.
 D = Time resting spent in this place.
 E = Time spent auto-exploring this place.
 F = Levels seen in this place.
 G = Mean time per level.
                   A        B        C        D        E       F      G
               +--------+--------+--------+--------+--------+-----+--------+
         Total |   1565 |   1502 |     63 |     16 |   1077 |   3 |  521.7 |
       Dungeon |   1565 |   1502 |     63 |     16 |   1077 |   3 |  521.7 |
               +--------+--------+--------+--------+--------+-----+--------+

Top non-repeatable levels by time:
     D:2: 800 daAuts
     D:1: 518 daAuts
     D:3: 247 daAuts
